AoeStats
← haffnhaff

Arabia

506226496Analyzed
1v1 RM · 19d ago on Sep 12, 2026· 41m 19s· 2 players
Game mode
Random Map
Map size
Tiny (2 player)
Population
200
Speed
Normal
Resources
Standard
Victory
Conquest
Starting age
Dark Age
Ending age
Imperial Age
RankedLock teamsTeams togetherTeam positionsShared explorationLock speedFull tech treeHidden civsTurbo modeCheats
Victory
Defeat
🇺🇸 Vietnamese · United States
1342
+16
🇦🇷 Vietnamese · Argentina
1335
-16
mauronbravo
2:09 Loom
9:39 Feudal Age
10:13 Double-Bit Axe
14:31 Town Watch
15:24 Fletching
19:33 Padded Archer Armor
23:05 Castle Age
23:43 Bodkin Arrow
23:28 Crossbowman
25:08 Ballistics
25:37 Leather Archer Armor
38:05 Wheelbarrow
41:19 Horse Collar
haffnhaff
6:43 Loom
9:18 Feudal Age
10:11 Double-Bit Axe
13:59 Horse Collar
14:34 Fletching
14:57 Gold Mining
17:26 Padded Archer Armor
20:24 Town Watch
22:45 Castle Age
22:11 Town Watch
23:22 Bodkin Arrow
22:49 Crossbowman
27:36 Leather Archer Armor
29:47 Ballistics
41:07 Imperial Age
40:29 Wheelbarrow
41:56 Bracer
Connection lost

Rejoining the realm…

Still unreachable

The connection could not be restored.

Session expired

The server has moved on; the page needs a fresh start.